 Dungeon Crawl Stone Soup version 0.28.0-45-g0d030f2227 (webtiles) character file.

Game seed: 9282632514784866592

8092 Peloso the Carver (level 11, -6/97 HPs)
             Began as a Minotaur Fighter on Apr 17, 2022.
             Was a High Priest of Okawaru.
             Killed from afar by a manticore (15 damage)
             ... with a volley of spikes
             ... summoned by a worldbinder
             ... on level 1 of the Abyss.
             The game lasted 00:24:01 (12296 turns).

Peloso the Carver (Minotaur Fighter)               Turns: 12296, Time: 00:24:01

Health: -6/97      AC: 19    Str: 26    XL:     11   Next: 5%
Magic:  8/10       EV: 14    Int:  5    God:    Okawaru [*****.]
Gold:   542        SH:  8    Dex: 16    Spells: 10/10 levels left

rFire   . . .      SeeInvis .   a - +5 long sword "Xisosotu" {vorpal, rPois Dex+3}
rCold   . . .      Faith    .   c - +0 buckler
rNeg    . . .      Spirit   .   x - +3 chain mail
rPois   +          Reflect  .   (helmet restricted)
rElec   .          Harm     .   (no cloak)
rCorr   .          Rampage  .   (no gloves)
Will    +....                   k - +1 pair of boots
Stlth   ..........              (no amulet)
HPRegen 0.26/turn               v - ring of willpower
MPRegen 0.12/turn               z - ring of the Jester {Wiz Str+4 Slay+3}

@: heroic, spiked
A: horns 2, retaliatory headbutt
a: Renounce Religion, Heroism, Finesse, Duel


You were on level 1 of the Abyss.
You worshipped Okawaru.
Okawaru was extremely pleased with you.
You visited 2 branches of the dungeon, and saw 10 of its levels.
You visited the Abyss 1 time.
You also visited: Bailey.

You collected 542 gold pieces.

Inventory:

Hand Weapons
 a - the +5 long sword "Xisosotu" (weapon) {vorpal, rPois Dex+3}
   (You found it on level 6 of the Dungeon)

   It inflicts extra damage upon your enemies.
   Dex:       It affects your dexterity (+3).
   rPois:     It protects you from poison.
 b - a +2 vampiric long sword
Missiles
 w - 4 throwing nets (quivered)
Armour
 c - a +0 buckler (worn)
 k - a +1 pair of boots (worn)
 t - a +2 scale mail of fire resistance
 x - a +3 chain mail (worn)
Jewellery
 h - a ring of magical power
 o - a +6 ring of intelligence
 v - a ring of willpower (left hand)
 z - the ring of the Jester (right hand) {Wiz Str+4 Slay+3}
   (You found it on level 7 of the Dungeon)

   [ring of wizardry]

   It improves your spell success rate.
   Str:       It affects your strength (+4).
   Slay:      It affects your accuracy & damage with ranged weapons and melee
   (+3).
Wands
 l - a wand of polymorph (6)
 y - a wand of digging (3)
 C - a wand of flame (8)
Scrolls
 f - a scroll of blinking
 i - 2 scrolls of magic mapping
 j - 7 scrolls of teleportation
 p - 4 scrolls of enchant armour
 q - 4 scrolls of enchant weapon
 r - a scroll of identify
 s - a scroll of immolation {unknown}
 u - 2 scrolls of noise
 B - a scroll of vulnerability {unknown}
Potions
 d - 2 potions of might
 e - 3 potions of curing
 g - a potion of ambrosia {unknown}
 m - 2 potions of flight {unknown}
 n - a potion of haste {unknown}
 A - a potion of magic {unknown}
 D - a potion of cancellation {unknown}


   Skills:
 + Level 9.1(14.1) Fighting
 + Level 12.2(17.2) Long Blades
 + Level 10.3(15.3) Armour
 + Level 5.8(10.8) Dodging
 + Level 1.1(6.1) Stealth
 + Level 8.6(13.6) Shields
 + Level 1.0(6.0) Unarmed Combat
 + Level 1.0 Invocations
 + Level 0.4 Evocations


You had 10 spell levels left.
You didn't know any spells.
Your spell library contained the following spells:

 Spells                   Type           Power      Damage    Failure   Level
 Slow                     Hex            0%         N/A       65%         1
 Sting                    Tmut/Pois      0%         1d3       65%         1
 Poisonous Vapours        Pois/Air       0%         N/A       77%         2
 Confusing Touch          Hex            0%         N/A       93%         3
 Gell's Gravitas          Tloc           0%         N/A       93%         3
 Lesser Beckoning         Tloc           0%         N/A       93%         3
 Teleport Other           Tloc           0%         N/A       93%         3
 Vampiric Draining        Necr           0%         2d6       93%         3
 Olgreb's Toxic Radiance  Pois           0%         N/A       100%        4
 Blade Hands              Tmut           0%         N/A       100%        5
 Iron Shot                Conj/Erth      0%         9d1       100%        6
 Animate Armour           Summ/Erth      Unusable   N/A       N/A         4

Dungeon Overview and Level Annotations

Branches:
Dungeon (9/15)             Temple (1/1) D:4            Lair (0/6) D:8
 Bailey (visited)
    Orc: D:9-12

Altars:
Ashenzari
Cheibriados
Dithmenos
Elyvilon
Fedhas
Gozag
Hepliaklqana
Kikubaaqudgha
Makhleb
Nemelex Xobeh
Okawaru
Qazlal
Ru
Sif Muna
Trog
Uskayaw
Vehumet
Wu Jian
Xom
Yredelemnul
Zin
The Shining One

Shops:
D:5 (   D:7 *   D:8 :

Annotations:
D:9 Erolcha


Innate Abilities, Weirdness & Mutations

You have a pair of horns on your head.
You reflexively headbutt those who attack you in melee.


Message History

You slash the thrashing horror!
The thrashing horror is almost destroyed.
The thrashing horror tramples you!
* * * LOW HITPOINT WARNING * * *
You stumble backwards!
You block the thrashing horror's attack.
The thrashing horror closely misses you.
You slash the thrashing horror!
You destroy the thrashing horror!
That felt strangely unrewarding.
Unknown command.
The chaos spawn bellows!
You hit the chaos spawn. Your headbutt misses the chaos spawn.
The chaos spawn is lightly wounded.
A glowing orange brain comes into view.
The glowing orange brain turns its attention towards you.
You slash the chaos spawn!
The chaos spawn is moderately wounded.
The chaos spawn barely misses you. You furiously retaliate!
You headbutt the chaos spawn! You slash the chaos spawn!
You kill the chaos spawn!
That felt strangely unrewarding.
The chaos spawn degenerates into a cloud of primal chaos!
The glowing orange brain pulsates.
You resist with almost no effort.
A worldbinder comes into view.
You gain the combat prowess of a mighty hero.
The worldbinder calls forth creatures from the Shoals!
The worldbinder hits you but does no damage. x2
You hit the worldbinder but do no damage.
The worldbinder hits you.
* * * LOW HITPOINT WARNING * * *
The worldbinder hits you but does no damage.
You slash the worldbinder! Your headbutt misses the worldbinder.
The worldbinder is moderately damaged.
The manticore flicks its tail.
The volley of spikes hits you!
The barbed spikes become lodged in your body.
You die...

...........
..........
.......... ...
......... ....
......... ....
#......# .....
##...H.x##.....
.......@.......
.......G.......
...............
...............
............... .
...............
#..##......##.....
##.##......##.....
#.................


You could see a glowing orange brain, a manticore (summoned) and a worldbinder.

Vanquished Creatures
  Harold (D:7)
  A two-headed ogre (D:9)
  A thrashing horror (Abyss:1)
  Pikel (D:7)
  An unseen horror (D:8)
  A troll (D:8)
  Eustachio (D:5)
  A chaos spawn (Abyss:1)
  3 steam dragons (D:8)
  Duvessa (D:7)
  2 black bears
  3 sky beasts
  6 orc warriors (Bailey)
  6 ogres
  A wolf (D:8)
  15 centaurs
  A lemure (D:7)
  3 kobold brigands
  3 phantoms (D:5)
  2 scorpions
  4 bullfrogs
  A gnoll sergeant (D:9)
  Dowan (D:7)
  2 water moccasin skeletons
  2 killer bees (D:9)
  4 wights (D:8)
  A howler monkey (D:5)
  2 electric eels (D:8)
  A jelly (D:7)
  A gnoll shaman (D:5)
  3 centaur zombies
  2 orc priests
  9 hounds
  Terence (D:3)
  4 iguanas
  9 orc wizards
  2 killer bee zombies
  Robin (D:3)
  A howler monkey zombie (D:8)
  4 adders
  7 gnolls
  A white imp (D:8)
  2 ufetubi
  An adder skeleton (D:4)
  4 worms
  3 dart slugs
  33 orcs
  2 ball pythons
  14 endoplasms
  2 giant cockroaches
  17 goblins
  13 hobgoblins
  2 jackals (D:2)
  6 quokkas
  7 bats
  A frilled lizard (D:1)
  14 kobolds
  2 rats
240 creatures vanquished.

Vanquished Creatures (others)
  8 plants
8 creatures vanquished.

Grand Total: 248 creatures vanquished

Notes
Turn   | Place    | Note
-------+----------+-------------------------------------------
     0 | D:1      | Peloso the Minotaur Fighter began the quest for the Orb.
     0 | D:1      | Reached XP level 1. HP: 19/19 MP: 0/0
   279 | D:1      | Found a faded altar of an unknown god.
   298 | D:1      | Reached XP level 2. HP: 23/27 MP: 1/1
  1186 | D:2      | Reached XP level 3. HP: 33/33 MP: 2/2
  1557 | D:2      | Reached skill level 3 in Long Blades
  1608 | D:2      | Reached XP level 4. HP: 40/40 MP: 3/3
  2254 | D:3      | Reached skill level 1 in Dodging
  2451 | D:3      | Reached skill level 5 in Armour
  2451 | D:3      | Reached XP level 5. HP: 30/47 MP: 4/4
  2744 | D:3      | Noticed Robin
  2746 | D:3      | Reached skill level 4 in Long Blades
  2776 | D:3      | Killed Robin
  3370 | D:3      | Noticed Terence
  3391 | D:3      | Killed Terence
  3392 | D:3      | Reached skill level 5 in Fighting
  3612 | D:4      | Noticed an ogre
  3612 | D:4      | Noticed an ogre
  3673 | D:4      | Noticed an ogre
  3682 | D:4      | Killed an ogre
  3683 | D:4      | Reached XP level 6. HP: 31/56 MP: 5/5
  4278 | D:4      | Reached skill level 5 in Long Blades
  4278 | D:4      | Reached XP level 7. HP: 59/61 MP: 6/6
  4323 | D:4      | Reached skill level 1 in Unarmed Combat
  4441 | D:3      | Reached skill level 5 in Shields
  4553 | D:4      | Found a staircase to the Ecumenical Temple.
  4570 | Temple   | Entered the Ecumenical Temple
  4746 | Temple   | Became a worshipper of Warmaster Okawaru
  5139 | D:4      | Reached skill level 6 in Long Blades
  5339 | D:5      | Entered Level 5 of the Dungeon
  5347 | D:5      | Reached XP level 8. HP: 57/70 MP: 7/7
  5491 | D:5      | Found a shimmering altar of Xom.
  5575 | D:5      | Reached skill level 7 in Long Blades
  5618 | D:5      | Found Duckul's Antique Weapon Boutique.
  6527 | D:5      | Reached * piety under Okawaru
  6533 | D:5      | Reached skill level 8 in Long Blades
  6580 | D:6      | Noticed Eustachio
  6622 | D:5      | Killed Eustachio
  6722 | D:5      | Reached ** piety under Okawaru
  6726 | D:5      | Reached XP level 9. HP: 42/78 MP: 8/8
  6891 | D:6      | Identified the +5 whip "Gumoem" {vorpal, rPois rN++ Dex-2
                  | Stlth+}
  7069 | D:6      | Reached skill level 9 in Long Blades
  7140 | D:6      | Identified the +5 long sword "Xisosotu" {vorpal, rPois
                  | Dex+3}
  7479 | D:7      | Noticed Pikel
  7499 | D:7      | Killed Pikel
  7508 | D:7      | Found Niesteux's Hallowed Reliquary.
  7508 | D:7      | Noticed an angel
  7523 | D:7      | Reached skill level 1 in Stealth
  7531 | D:7      | Found a flagged portal.
  7539 | D:7      | Reached *** piety under Okawaru
  7720 | Bailey   | Entered a bailey
  8182 | Bailey   | Reached skill level 10 in Long Blades
  8672 | Bailey   | Reached skill level 5 in Dodging
  8836 | Bailey   | Reached **** piety under Okawaru
  8837 | Bailey   | Reached XP level 10. HP: 41/88 MP: 6/9
  9668 | D:7      | Noticed Harold
  9692 | D:7      | Killed Harold
  9693 | D:7      | Reached skill level 11 in Long Blades
 10002 | D:7      | Identified the ring of the Jester {Wiz Str+4 Slay+3}
 10278 | D:7      | Noticed Duvessa
 10279 | D:7      | Noticed Dowan
 10289 | D:7      | Killed Duvessa
 10290 | D:7      | Killed Dowan
 10560 | D:8      | Found a staircase to the Lair.
 10930 | D:8      | Reached skill level 1 in Invocations
 11378 | D:8      | Reached skill level 10 in Armour
 11647 | D:8      | Found Tiupn's Book Boutique.
 11944 | D:9      | Noticed a two-headed ogre
 11950 | D:9      | Killed a two-headed ogre
 11950 | D:9      | Reached ***** piety under Okawaru
 11951 | D:9      | Reached skill level 12 in Long Blades
 12094 | D:9      | Reached XP level 11. HP: 94/97 MP: 10/10
 12208 | D:9      | Noticed Erolcha
 12225 | D:9      | Cast into level 1 of the Abyss (Erolcha)
 12226 | Abyss:1  | Noticed a glowing orange brain
 12228 | Abyss:1  | Found a corrupted altar of Lugonu.
 12266 | Abyss:1  | Noticed a thrashing horror
 12277 | Abyss:1  | Killed a thrashing horror
 12284 | Abyss:1  | Noticed a glowing orange brain
 12296 | Abyss:1  | Killed from afar by a manticore

Illustrated notes

Levels and vault maps discovered:
D:1:      kennysheep_arrival_seaside, layout_loops_ring, serial_glass,
          glass_columns_b, glass_columns_b, hellmonk_ecumenical_altar_zigzags
D:2:      layout_loops_corners, minmay_tromino_v4_c
D:3:      layout_basic, uniq_terence, uniq_robin
D:4:      minmay_opposing_rooms, layout_rooms, minmay_temple_entry_butterflies,
          serial_glass, glass_columns_b, glass_columns_a
D:5:      layout_basic, lemuel_doored_altar, serial_shops, shop
D:6:      layout_cave_pools, serial_column_ruins, column_ruins_hut,
          column_ruins_grid_1, column_ruins_grid_2, column_ruins_open_tiny,
          column_ruins_open_small_water, column_ruins_corridor_straight,
          corexii_shack, uniq_eustachio
D:7:      layout_gridville, enter_bailey_5, serial_rivers,
          chequers_serial_rivers_small_a, chequers_serial_rivers_micro_a,
          chequers_serial_rivers_large_b, chequers_serial_rivers_micro_d,
          nicolae_good_shop, uniq_harold, uniq_pikel, uniq_duvessa
D:8:      layout_gridville, erik_lair_island, serial_shops,
          nicolae_shop_hallway_plus
D:9:      layout_rooms, serial_bayou_pond_c, minmay_misc_feat_diagonals,
          uniq_erolcha
Temple:   mainiacjoe_temple_starburst
Abyss:1:  base:
D:2

Skill      XL: |  1  2  3  4  5  6  7  8  9 10 |
---------------+-------------------------------+-----
Armour         | 4 5 6 7 8 10 | 10.3
Shields        | 4 5 6 7 8 |  8.6
Fighting       | 4 5 6 7 9 |  9.1
Long Blades    | 3 4 5 6 8 10 12 | 12.2
Dodging        | 1 2 3 5 |  5.8
Unarmed Combat | 1 |  1.0
Stealth        | 1 |  1.1
Invocations    | 1 |  1.0
Evocations     | |  0.4

Action                   |  1- 3 |  4- 6 |  7- 9 | 10-12 || total
-------------------------+-------+-------+-------+-------++-------
Melee: Long sword        |    67 |   130 |   285 |   176 ||   658
       Headbutt          |     9 |    25 |    55 |    28 ||   117
       Unarmed           |       |    13 |       |       ||    13
Invok: Heroism           |       |       |     4 |     6 ||    10
Evoke: Wand              |       |       |     5 |     3 ||     8
  Use: Scroll            |     6 |     4 |     3 |       ||    13
       Potion            |       |     3 |     1 |       ||     4
Armor: Scale mail        |    44 |   101 |   135 |       ||   280
       Skin              |       |     1 |       |       ||     1
       Chain mail        |       |       |    36 |   135 ||   171
Dodge: Dodged            |    43 |    60 |   181 |   105 ||   389
Block: Buckler           |    18 |    37 |   109 |    78 ||   242
